 Dungeon Crawl Stone Soup version 0.32-a0-818-gb728d0252e (webtiles) character file.

Game seed: 13014651336229863726

6 Esekla the Sneak (level 1, 16/16 HPs)
             Began as an Octopode Delver on Mar 24, 2024.
             Was an Initiate of Beogh.
             Quit the game on level 5 of the Dungeon.
             The game lasted 00:03:33 (141 turns).

Esekla the Sneak (Octopode Delver)                   Turns: 141, Time: 00:03:34

Health: 16/16      AC:  1    Str: 11    XL:     1   Next: 90%
Magic:  1/1        EV: 12    Int: 12    God:    Beogh [......]
Gold:   44         SH:  0    Dex: 13    Spells: 0/0 levels left

rFire   . . .        a - +0 falchion
rCold   . . .        (no shield)
rNeg    . . .        (helmet restricted)
rPois   .            (no amulet)
rElec   .            (no ring)
rCorr   .            (no ring)
SInv    .            (no ring)
Will    .....        (no ring)
Stlth   ++++         (no ring)
HPRegen 1.02/turn    (no ring)
MPRegen 0.07/turn    (no ring)
                     (no ring)

%: no passive effects
@: no status effects
A: almost no armour, amphibious, 8 rings, camouflage 1, gelatinous body 1,
(nimble swimmer 1), tentacles, high MP 1, regeneration 1
a: Renounce Religion


You were on level 5 of the Dungeon.
You worshipped Beogh.
Beogh was noncommittal.
You visited 1 branch of the dungeon, and saw 1 of its levels.

You collected 44 gold pieces.

Inventory:

Hand Weapons
 a - a +0 falchion (weapon)
 c - a +0 dagger
Magical Staves
 g - a staff of death
Wands
 f - a wand of digging (3)
Scrolls
 b - 3 scrolls of fog
 d - a scroll of fear
Potions
 e - a potion of haste


   Skills:
 * Level 3.0 Fighting
 + Level 2.0 Long Blades
 * Level 2.0 Dodging
 + Level 6.8 Stealth
 * Level 0.2 Spellcasting


You couldn't memorise any spells.
You didn't know any spells.
Your spell library was empty.

Dungeon Overview and Level Annotations

Branches:
Dungeon (5/15)
 Temple: D:4-7

Altars:
Hepliaklqana
Trog
Vehumet
Yredelemnul


Innate Abilities, Weirdness & Mutations

You cannot wear most types of armour.
You are amphibious.
You can wear up to eight rings at the same time.
Your skin changes colour to match your surroundings (Stealth+).
Your rubbery body absorbs attacks. (AC +1, EV +1)
((You are camouflaged when in or above water. (Stealth+)))
You have tentacles for arms and can constrict up to eight enemies at once.
You have an increased reservoir of magic. (+10% MP)
Your natural rate of healing is unusually fast.


Message History

The orc priest is heavily wounded.
The orc priest hits you with a +0 falchion.
The orc wizard hits you with a +0 dagger.
The orc priest shouts, "Surrender to Beogh and we'll let you live!" (press Y on the ability menu to convert to Beogh)
You bow before the missionary of Beogh.
Beogh welcomes you!
The priest grants you succour and welcomes you into the fold.
The other orcs roar their approval!
Something closely misses the orc.
Something hits the orc.
The orc hits something with a +0 whip.
Something barely misses the orc.
Something hits the orc!
The orc dies!
Something hits the orc.
The orc barely misses something.
Something hits the orc.
The orc dies!
The orc closely misses the orc wizard.
Something hits the orc wizard.
The orc wizard casts a spell.
The orc wizard flickers and vanishes for a moment.
There is a basalt altar of Yredelemnul here.
The orc barely misses the orc wizard.
Something closely misses the orc wizard.
The orc wizard misses something.
The orc hits the orc wizard with a +0 flail.
Something misses the orc wizard.
The orc wizard hits the orc with a +0 dagger.
The orc dies!
Something closely misses the orc wizard.
The orc wizard barely misses something.
Something hits the orc wizard.
The orc wizard hits something with a +0 dagger.
Something barely misses the orc wizard.
Something closely misses the orc.
The orc wizard hits something with a +0 dagger.
The orc closely misses something.
Something hits the orc.
The orc wizard hits something with a +0 dagger.
You close the door.
Things that are here:
a +0 dagger; a +0 dagger
c - a +0 dagger Are you sure you want to abandon this character and quit the game? (Confirm with "yes".)

*#......>...##...##.##...##,*
.#..........#.ß.ß.#.#.ß.ß.#,*
......#.....#.._..#.#.._..#,*
..#..###....#.ß...#.#...ßo#,*
.###.....##.##...'#.#'..o#*,*
..#.......#..#####...#####..*
..................o⌠........*
...#.....###.#####)..#####.#*
...##...## ###..@+#.#'...#**
...#.....##*#.ß...#.#...ß.#
............#.._..#.#.._..#
..#.......#.#.ß.ß(#.#.ß.ß.#
.###.....##*##...##.##...##
..#..###..#**#####...*####
......#,....* *..#*
.#.....,...#* ***,**
##..$...,,.# ****,,,,*


There were no monsters in sight!

Vanquished Creatures
  3 orcs (D:5)
3 creatures vanquished.

Vanquished Creatures (others)
  4 orcs (D:5)
4 creatures vanquished.

Grand Total: 7 creatures vanquished

Notes
Turn   | Place    | Note
-------+----------+-------------------------------------------
     0 | D:5      | Esekla the Octopode Delver began the quest for the Orb.
     0 | D:5      | Reached XP level 1. HP: 16/16 MP: 1/1
    56 | D:5      | Noticed a hound
    91 | D:5      | Found a radiant altar of Vehumet.
   101 | D:5      | Found a bloodstained altar of Trog.
   101 | D:5      | Noticed an orc wizard
   101 | D:5      | Noticed an orc priest
   105 | D:5      | Found a hazy altar of Hepliaklqana.
   108 | D:5      | Found a basalt altar of Yredelemnul.
   119 | D:5      | Gained mutation: You have an increased reservoir of magic.
                  | (+10% MP) [potion of mutation]
   119 | D:5      | Gained mutation: Your natural rate of healing is unusually
                  | fast. [potion of mutation]
   124 | D:5      | Became a worshipper of Beogh the Shepherd
   141 | D:5      | Quit the game

Illustrated notes

Levels and vault maps discovered:
D:5:      nicolae_cairo_tiling_large_dashed, layout_rooms,
          grunt_temple_overflow_cloverleaf, serial_park_tiny_2

Action                     || total
---------------------------++-------
  Melee: Falchion          ||    10
         Constrict         ||     3
         Tentacles         ||     2
 Invoke: Convert to Beogh  ||     1
    Use: Scroll            ||     1
         Potion            ||     1
 Armour: Skin              ||     9
  Dodge: Dodged            ||     7

Table legend: (Time is in decaauts)
 A = Elapsed time spent in this place.
 B = Non-inter-level travel time spent in this place.
 C = Inter-level travel time spent in this place.
 D = Time resting spent in this place.
 E = Time spent auto-exploring this place.
 F = Levels seen in this place.
 G = Mean time per level.
                   A        B        C        D        E       F      G
               +--------+--------+--------+--------+--------+-----+--------+
         Total |    143 |    143 |      0 |      5 |      0 |   1 |  143.0 |
       Dungeon |    143 |    143 |      0 |      5 |      0 |   1 |  143.0 |
               +--------+--------+--------+--------+--------+-----+--------+

Top non-repeatable levels by time:
     D:5: 143 daAuts
